 Dungeon Crawl Stone Soup version 0.24-a0-271-ga0fc33f (webtiles) character file.

Game seed: 2577452378352710754

56 Hasart the Insei (level 3, -3/24 HPs)
             Began as an Octopode Transmuter on Apr 24, 2019.
             Slain by a hobgoblin
             ... wielding a cursed +0 club
              (5 damage)
             ... on level 2 of the Dungeon.
             The game lasted 00:02:21 (935 turns).

Hasart the Insei (Octopode Transmuter)               Turns: 935, Time: 00:02:21

Health: -3/24      AC:  1    Str: 10    XL:     3   Next: 97%
Magic:  6/6        EV: 14    Int: 15    God:
Gold:   10         SH:  0    Dex: 12    Spells: 5/6 levels left

rFire    . . .     SeeInvis .     - Unarmed
rCold    . . .     Gourm    .   (no shield)
rNeg     . . .     Faith    .   (helmet restricted)
rPois    .         Spirit   .   (no amulet)
rElec    .         Reflect  .   (no ring)
rCorr    .         Harm     .   (no ring)
MR       .....                  (no ring)
Stlth    ++........             (no ring)
HPRegen  0.08/turn              (no ring)
MPRegen  0.10/turn              (no ring)
                                (no ring)
                                (no ring)

@: no status effects
A: almost no armour, stealthy swim, amphibious, 8 rings, constrict 8, camouflage
1, gelatinous body 1
a: no special abilities


You were on level 2 of the Dungeon.
You were not hungry.

You visited 1 branch of the dungeon, and saw 2 of its levels.

You collected 10 gold pieces.

Inventory:

Missiles
 a - 12 arrows
Scrolls
 e - 2 scrolls of remove curse {unknown}
 f - a scroll of enchant armour {unknown}
Potions
 d - 2 potions of mutation {unknown}
 g - a potion of lignification {unknown}
Comestibles
 c - 3 rations


   Skills:
 + Level 1.9 Fighting
 + Level 2.6 Dodging
 * Level 3.9 Unarmed Combat
 - Level 2.0 Spellcasting
 + Level 2.1 Transmutations


You had 5 spell levels left.
You knew the following spells:

 Your Spells              Type           Power        Failure   Level  Hunger
a - Beastly Appendage     Tmut           #.....       9%          1    #......

Your spell library contained the following spells:

 Spells                   Type           Power        Failure   Level  Hunger
 Sticks to Snakes         Tmut           #.......     14%         2    ###....
 Spider Form              Tmut/Pois      #.........   38%         3    ###....
 Ice Form                 Ice/Tmut       #.......     80%         4    #####..
 Blade Hands              Tmut           #.........   94%         5    ######.


Dungeon Overview and Level Annotations

Branches:
Dungeon (2/15)

Altars:


Innate Abilities, Weirdness & Mutations

You cannot wear most types of armour.
You are very stealthy in the water. (Stealth+)
You are amphibious.
You can wear up to eight rings at the same time.
You can use your tentacles to constrict eight enemies at once.
Your skin changes colour to match your surroundings (Stealth+).
Your rubbery body absorbs attacks. (AC +1, EV +1)


Message History

The bat closely misses you. The rat barely misses you.
Unknown command.
You tentacle-slap the rat.
You kill the rat!
The bat closely misses you.
An adder comes into view.
The adder hisses angrily.
You hear a shout!
The bat hits you but does no damage.
You tentacle-slap the bat.
You kill the bat!
You aren't carrying any items that you can evoke.
A hobgoblin comes into view. It is wielding a +0 club.
You see here a bat corpse.
You tentacle-slap the adder. You grab the adder. You squeeze the adder.
You kill the adder!
You tentacle-slap the hobgoblin. You grab the hobgoblin.
The hobgoblin is moderately wounded.
You constrict the hobgoblin.
The hobgoblin hits you with a cursed +0 club.
You die...

#########
#<.......
#........
#........
#........
#######@g......
#....†.........
#...†.)........
#....).#####.###
......... .#
......#... .
......###.. #
...... ...
...).. ....


You could see a hobgoblin.

Vanquished Creatures
  An adder (D:2)
  A worm (D:2)
  2 dart slugs (D:1)
  8 bats
  A giant cockroach (D:1)
  2 goblins (D:1)
  6 hobgoblins
  6 jackals (D:1)
  5 kobolds
  A quokka (D:2)
  2 frilled lizards (D:1)
  2 rats
37 creatures vanquished.

Notes
Turn   | Place    | Note
-------+----------+-------------------------------------------
     0 | D:1      | Hasart the Octopode Transmuter began the quest for the Orb.
     0 | D:1      | Reached XP level 1. HP: 13/13 MP: 3/3
   184 | D:1      | Reached XP level 2. HP: 18/18 MP: 5/5
   623 | D:1      | Reached XP level 3. HP: 18/23 MP: 6/6
   935 | D:2      | Slain by a hobgoblin

Levels and vault maps discovered:
D:1:      minmay_arrival_loop, layout_rooms
D:2:      layout_rooms, uniq_terence

Action                   || total
-------------------------++-------
Melee: Unarmed           ||    77
       Constrict         ||    26
       Tentacles         ||    16
Armor: Skin              ||    15
Dodge: Dodged            ||    65

Table legend:
 A = Non-vault XP
 B = Vault XP
 C = Vault XP percentage of total XP
 D = Non-vault monster count
 E = Vault monster count
 F = Vault count percentage of total count
                 A         B        C        D         E       F
            +---------+---------+-------+---------+---------+-------
      Total |      81 |       0 |   0.0 |      37 |       0 |   0.0
            +---------+---------+-------+---------+---------+-------
        D:1 |      53 |       0 |   0.0 |      29 |       0 |   0.0
        D:2 |      28 |       0 |   0.0 |       8 |       0 |   0.0
            +---------+---------+-------+---------+---------+-------
